Construct Section Command Post
Selects Air and Sea Battlegroup
Construct Platoon Command Post
Selects Commando Section Paradrop
Selects M1 Pack Howitzer Paradrop
Construct Company Command Post
Unlock M3 Stuart Light Tanks
Construct Company Command Post
Construct Field Infirmary
M1 Pack Howitzer Paradrop
Selects Naval Bombardment
Commando Section Paradrop
Construct Field Infirmary
Unlock M3 Grant Medium Tanks
Selects Anti-tank Rocket Loiter